 Dungeon Crawl Stone Soup version 0.27-a0-277-g024f7ef292 (webtiles) character file.

Game seed: 8522422914100906284

59 Borgoz the Cudgeller (level 4, -1/28 HPs)
             Began as a Gargoyle Gladiator on Feb 6, 2021.
             Slain by a worm (5 damage)
             ... on level 2 of the Dungeon.
             The game lasted 00:01:36 (1660 turns).

Borgoz the Cudgeller (Gargoyle Gladiator)           Turns: 1660, Time: 00:01:37

Health: -1/28      AC: 11    Str: 18    XL:     4   Next: 3%
Magic:  4/4        EV: 15    Int:  8    God:
Gold:   172        SH:  0    Dex: 12    Spells: 3/3 levels left

rFire    . . .     SeeInvis .   a - +0 flail
rCold    . . .     Faith    .   (no shield)
rNeg     + . .     Spirit   .   p - +0 ring mail
rPois    ∞         Reflect  .   c - +0 helmet
rElec    +         Harm     .   r - +0 cloak (curse)
rCorr    .         Rampage  .   (no gloves)
Will     .....                  (no boots)
Stlth    +.........             (no amulet)
HPRegen  0.09/turn              e - +4 ring of evasion
MPRegen  0.09/turn              (no ring)

@: no status effects
A: negative energy resistance 1, electricity resistance, unbreathing,
petrification resistance, miasma immunity, AC +3
a: no special abilities


You were on level 2 of the Dungeon.
You visited 1 branch of the dungeon, and saw 2 of its levels.

You collected 172 gold pieces.

Inventory:

Hand Weapons
 a - a +0 flail (weapon)
Missiles
 d - 3 throwing nets (quivered)
Armour
 c - a +0 helmet (worn)
 p - a +0 ring mail (worn)
 r - a cursed +0 cloak (worn)
Jewellery
 e - a +4 ring of evasion (left hand)
Scrolls
 f - a scroll of random uselessness {unknown}
 g - 2 scrolls of teleportation {unknown}
 h - a scroll of enchant armour {unknown}
 j - 2 scrolls of identify {unknown}
 l - a scroll of enchant weapon {unknown}
 q - a scroll of blinking {unknown}
Potions
 b - a potion of flight {unknown}
 i - a potion of degeneration {unknown}
 k - a potion of curing {unknown}
 m - 2 potions of mutation {unknown}
 n - a potion of berserk rage {unknown}
 o - a potion of lignification {unknown}


   Skills:
 + Level 3.0 Fighting
 + Level 3.5 Maces & Flails
 - Level 1.7 Throwing
 + Level 1.6 Armour
 + Level 2.8 Dodging


You had 3 spell levels left.
You didn't know any spells.
Your spell library was empty.

Dungeon Overview and Level Annotations

Branches:
Dungeon (2/15)

Altars:
Trog


Innate Abilities, Weirdness & Mutations

You are resistant to torment.
Your stone body is resilient. (AC +3)
You are immune to poison.
You resist negative energy. (rN+)
You are resistant to electric shocks. (rElec)
You can survive without breathing.
You are immune to petrification.
You are immune to miasma.


Message History

The worm misses you. The worm misses you. The worm barely misses you.
You barely miss the worm.
The moth of wrath goads the worm on!
The worm goes berserk!
The worm bites you!
You hit the worm.
The worm is lightly wounded.
The worm bites you but does no damage.
You hit the worm.
The worm is moderately wounded.
The worm misses you.
You barely miss the worm.
The worm is lightly wounded.
The worm bites you!
Ouch! That really hurt!
* * * LOW HITPOINT WARNING * * *
You sock the worm!
The worm is heavily wounded.
The worm bites you.
You die...

# #.# # #.#
#.#####
##..<..#
##.######
#.###..)###
###....)).##
#)..._....#
##....@w...##
#....###....#
#...##y##...#
.
#....###....#
.
#...........#
.#
##.........##
.#
##.......##
.# ####†####
.# ##.#


You could see a moth of wrath and a worm (berserk).

Vanquished Creatures
  4 worms (D:2)
  4 dart slugs
  A leopard gecko (D:1)
  7 bats
  2 giant cockroaches
  6 goblins
  3 hobgoblins
  A quokka (D:2)
  4 frilled lizards
  3 kobolds
  7 rats
42 creatures vanquished.

Notes
Turn   | Place    | Note
-------+----------+-------------------------------------------
     0 | D:1      | Borgoz the Gargoyle Gladiator began the quest for the Orb.
     0 | D:1      | Reached XP level 1. HP: 12/12 MP: 1/1
    89 | D:1      | Reached XP level 2. HP: 18/18 MP: 2/2
   528 | D:1      | Reached skill level 1 in Armour
   583 | D:1      | Reached XP level 3. HP: 18/22 MP: 3/3
  1609 | D:2      | Noticed a moth of wrath
  1611 | D:2      | Found a bloodstained altar of Trog.
  1640 | D:2      | Reached XP level 4. HP: 24/28 MP: 4/4
  1660 | D:2      | Slain by a worm

Illustrated notes

Levels and vault maps discovered:
D:1:      mrwooster_arrival_statue_2, layout_loops_ring
D:2:      minmay_chambers_of_twos, layout_loops_ring, tgw_trog

Skill      XL: |  1  2  3 |
---------------+----------+-----
Armour         | 1 |  1.6
Fighting       | 3 |  3.0
Maces & Flails | |  3.5
Throwing       | |  1.7
Dodging        | |  2.8

Action                   |  1- 3 |  4- 6 || total
-------------------------+-------+-------++-------
Melee: Flail             |   160 |     5 ||   165
Armor: Leather armour    |    28 |       ||    28
       Ring mail         |    18 |     2 ||    20
Dodge: Dodged            |   146 |     4 ||   150

Table legend: (Time is in decaauts)
 A = Elapsed time spent in this place.
 B = Non-inter-level travel time spent in this place.
 C = Inter-level travel time spent in this place.
 D = Time resting spent in this place.
 E = Time spent auto-exploring this place.
 F = Levels seen in this place.
 G = Mean time per level.
                   A        B        C        D        E       F      G
               +--------+--------+--------+--------+--------+-----+--------+
         Total |   1696 |   1672 |     24 |    135 |   1156 |   2 |  848.0 |
       Dungeon |   1696 |   1672 |     24 |    135 |   1156 |   2 |  848.0 |
               +--------+--------+--------+--------+--------+-----+--------+

Top non-repeatable levels by time:
     D:2: 879 daAuts
     D:1: 817 daAuts
